 Dungeon Crawl Stone Soup version 0.28-a0-1429-gf3d713df7a (webtiles) character file.

Game seed: 17699717400619591151

564 tilp the Chiller (level 7, 31/31 HPs)
             Began as a Felid Ice Elementalist on Jan 8, 2022.
             Was an Initiate of Vehumet.
             Quit the game on level 5 of the Dungeon.
             The game lasted 00:14:08 (10053 turns).

tilp the Chiller (Felid Ice Elementalist)          Turns: 10053, Time: 00:14:09

Health: 31/31      AC:  2    Str: 10    XL:     7   Next: 10%
Magic:  14/14      EV: 18    Int: 18    God:    Vehumet [......]
Gold:   1113       SH:  0    Dex: 17    Spells: 3/14 levels left
                                        Lives:  0   Deaths: 2

rFire   . . .      SeeInvis +     - Unarmed
rCold   . . .      Faith    .   (shield unavailable)
rNeg    . . .      Spirit   .   (armour unavailable)
rPois   .          Reflect  .   (helmet unavailable)
rElec   .          Harm     .   (cloak unavailable)
rCorr   .          Rampage  .   (gloves unavailable)
Will    +....                   (boots unavailable)
Stlth   +++.......              (no amulet)
HPRegen 0.10/turn               g - +6 ring of strength
MPRegen 0.14/turn               (no ring)

@: quick
A: very small, claws 1, fangs 3, see invisible, speed 1, shaggy fur 2, stealthy
paws, no weapons or thrown items, no armour, multi-lived
a: Renounce Religion


You were on level 5 of the Dungeon.
You worshipped Vehumet.
Vehumet was noncommittal.
You visited 2 branches of the dungeon, and saw 6 of its levels.
You also visited: Sewer and Ossuary.

You collected 1113 gold pieces.

Inventory:

Jewellery
 g - a +6 ring of strength (left paw)
Wands
 f - a wand of acid (11)
Scrolls
 b - 2 scrolls of summoning
 d - 3 scrolls of teleportation
 i - a scroll of magic mapping
 r - a scroll of amnesia
 s - 3 scrolls of blinking {unknown}
Potions
 a - 3 potions of haste
 c - 2 potions of ambrosia
 e - a potion of resistance
 h - 3 potions of might
 j - 4 potions of curing
 k - a potion of magic
 l - 4 potions of heal wounds
 m - a potion of cancellation {unknown}
 n - a potion of mutation {unknown}
 o - a potion of invisibility {unknown}
 p - 2 potions of brilliance {unknown}
 q - a potion of lignification {unknown}


   Skills:
 + Level 3.6 Fighting
 - Level 4.0 Dodging
 - Level 6.0 Stealth
 - Level 4.0 Unarmed Combat
 + Level 4.1 Spellcasting
 + Level 2.6 Conjurations
 + Level 6.7 Ice Magic
 - Level 4.0 Evocations


You had 3 spell levels left.
You knew the following spells:

 Your Spells              Type           Power      Damage    Failure   Level
a - Freeze                Ice            100%       1d11      1%          1
b - Frozen Ramparts       Ice            54%        1d7       2%          3
c - Ozocubu's Armour      Ice            27%        N/A       2%          3
d - Hailstorm             Conj/Ice       20%        3d6       22%         4

Your spell library contained the following spells:

 Spells                   Type           Power      Damage    Failure   Level
 Slow                     Hex            12%        N/A       14%         1
 Scorch                   Fire           6%         2d5       22%         2
 Call Canine Familiar     Summ           3%         N/A       41%         3
 Confusing Touch          Hex            3%         N/A       41%         3
 Vampiric Draining        Necr           3%         2d6       41%         3
 Flame Wave               Conj/Fire      8%         2d4       63%         4
 Leda's Liquefaction      Hex/Erth       1%         N/A       82%         4
 Summon Cactus Giant      Summ           1%         N/A       100%        6
 Portal Projectile        Hex/Tloc       Unusable   N/A       N/A         3

Dungeon Overview and Level Annotations

Branches:
Dungeon (5/15)             Temple (1/1) D:5           Sewer (visited)
Ossuary (visited)

Altars:
Ashenzari
Cheibriados
Elyvilon
Fedhas
Gozag
Hepliaklqana
Kikubaaqudgha
Makhleb
Nemelex Xobeh
Okawaru
Qazlal
Ru
Sif Muna
Trog
Uskayaw
Vehumet
Wu Jian
Xom
Yredelemnul
Zin
The Shining One

Shops:
D:1 [(   D:5 ??[*

Annotations:
D:2 1 runed translucent door, Crazy Yiuf


Innate Abilities, Weirdness & Mutations

You have sharp claws.
You have razor-sharp teeth.
You have supernaturally acute eyesight. (SInv)
You cover ground quickly. (Speed+)
You are covered in thick fur. (AC +2)
Your paws help you pounce on unaware monsters.
You are incapable of wielding weapons or throwing items.
You cannot wear armour.
You gain extra lives every three experience levels.


Message History

Unknown command.
Unknown command.
You scratch the hound. Your bite misses the hound.
The hound is almost dead.
The wall freezes the hound.
You kill the hound!
Vehumet accepts your kill.
The wall freezes the gnoll sergeant.
The gnoll sergeant hits you from afar with a +0 trident!
* * * LOW HITPOINT WARNING * * *
Casting: Hailstorm (extremely dangerous; 22% risk of failure)
Confirm with . or Enter, or press ? or * to list all spells.
The spell is extremely dangerous to miscast (22% risk of failure)!
Continue anyway?
Casting: Hailstorm (extremely dangerous; 22% risk of failure)
Press: ? - help, Dir - look around, f - activate You miscast Hailstorm.
Nothing appears to happen.
The wall freezes the gnoll sergeant!
The gnoll sergeant hits you from afar with a +0 trident.
* * * LOW HITPOINT WARNING * * *
Unknown command.
Unknown command.
Unknown command.
Aiming: Corrosive Bolt
Press: ? - help, Shift-Dir - straight line, f - gnoll sergeant
Aim: a gnoll sergeant, wielding a +0 trident and wearing a +0 ring mail (moderately wounded, 81% to hit)
The bolt of acid hits the gnoll sergeant!
The gnoll sergeant is severely wounded.
You hear a bark!
The wall freezes the gnoll sergeant.
The gnoll sergeant misses you.
Unknown command.
Unknown command.
Okay, then.
The frozen ramparts melt away.
The gnoll sergeant hits you from afar with a +0 trident!
You die...
You are now level 7!
You rejoin the land of the living...
Found 20 stones and 7 arrows.
Unknown command.
Are you sure you want to abandon this character and quit the game? (Confirm with "yes".)

*****,≈≈#....####⌠.⌠####....
*.≈#.....# ########.....
#+##.....#########..#...
#.#####...#........##..#
#.................###.#.
*#.......##.......####..
#........#.........#.#.
#.......###...........#
*#....@..##...#....#...
#..(.....#...###...###.
#............,*#...#*##
##...........#,#....,,,
#............#,....≈≈≈,
#..................≈?≈,
*##.............###.≈≈≈,
*,.......(......**.....,
**,,,,,,,,,,*,,,,,,,,,,,


There were no monsters in sight!

Vanquished Creatures
  Duvessa (D:5)
  A black bear (D:5)
  2 ogres
  A phantom (D:5)
  5 kobold brigands (Sewer)
  A gnoll sergeant (D:5)
  A scorpion (D:4)
  Dowan (D:5)
  5 hounds (D:5)
  A bullfrog skeleton (D:4)
  2 orc priests
  A bullfrog zombie (D:5)
  A gnoll shaman (D:5)
  A jelly (D:3)
  An orc wizard (D:3)
  2 iguanas (D:4)
  8 mummies (Ossuary)
  Robin (D:4)
  15 gnolls
  6 adders
  3 river rats (Sewer)
  An adder skeleton (D:4)
  3 worms
  2 dart slugs
  20 orcs
  16 ball pythons
  6 endoplasms
  6 giant cockroaches
  2 gnoll zombies (Ossuary)
  13 goblins
  11 hobgoblins
  3 jackals
  4 quokkas
  9 bats
  3 frilled lizards
  2 hobgoblin zombies (Ossuary)
  6 kobolds
  2 kobold zombies (Ossuary)
  2 orc zombies (Ossuary)
  9 rats
  A spectral hobgoblin (D:1)
181 creatures vanquished.

Vanquished Creatures (others)
  2 plants (D:1)
2 creatures vanquished.

Grand Total: 183 creatures vanquished

Notes
Turn   | Place    | Note
-------+----------+-------------------------------------------
     0 | D:1      | tilp the Felid Ice Elementalist began the quest for the
                  | Orb.
     0 | D:1      | Reached XP level 1. HP: 7/7 MP: 4/4
   499 | D:1      | Reached XP level 2. HP: 11/11 MP: 6/6
  1691 | D:1      | Reached XP level 3. HP: 6/14 MP: 1/7
  1695 | D:1      | Learned a level 3 spell: Frozen Ramparts
  1879 | D:1      | Found Omuestra's Weapon Shop.
  1935 | D:1      | Found a faded altar of an unknown god.
  1996 | D:1      | Found Ruk Upoe's Antique Armour Boutique.
  2903 | D:2      | Found a runed translucent door.
  2904 | D:2      | Noticed Crazy Yiuf
  3324 | D:3      | Reached XP level 4. HP: 16/18 MP: 2/9
  3328 | D:3      | Learned a level 3 spell: Ozocubu's Armour
  3876 | D:3      | Reached skill level 5 in Ice Magic
  3928 | D:3      | Reached XP level 5. HP: 20/21 MP: 2/10
  4629 | D:4      | Identified the +0 helmet "Feorore" {Harm rPois Int+2 Dex+2}
  4629 | D:4      | Noticed Robin
  4635 | D:4      | Killed Robin
  5261 | D:4      | Found a glowing drain.
  5296 | Sewer    | Entered a sewer
  5457 | Sewer    | Gained mutation: You are covered in thick fur. (AC +2)
                  | [Felid growth]
  5457 | Sewer    | Reached XP level 6. HP: 16/25 MP: 0/11
  6008 | Sewer    | Reached skill level 1 in Evocations
  6076 | Sewer    | Reached skill level 1 in Fighting
  6076 | Sewer    | Reached skill level 1 in Unarmed Combat
  6524 | Sewer    | Reached XP level 7. HP: 29/29 MP: 2/12
  6821 | Sewer    | Identified a scroll of acquirement
  6821 | Sewer    | Acquired 752 gold pieces
  6940 | D:4      | Reached skill level 5 in Stealth
  7606 | D:4      | Learned a level 4 spell: Hailstorm
  7647 | D:5      | Entered Level 5 of the Dungeon
  7647 | D:5      | Found Eliywuuc's Magic Scroll Shop.
  7667 | D:5      | Found Cezir's Armour Emporium.
  7679 | D:5      | Found a sand-covered staircase.
  7685 | Ossuary  | Entered an ossuary
  8041 | Ossuary  | Reached XP level 8. HP: 33/33 MP: 13/13
  8480 | D:5      | Noticed Duvessa
  8485 | D:5      | Killed Duvessa
  8486 | D:5      | Reached skill level 1 in Conjurations
  8487 | D:5      | Noticed Dowan
  8491 | D:5      | Killed Dowan
  9042 | D:5      | Found Asoc's Assorted Antiques.
  9113 | D:5      | Found Qacsiehi's Magic Scroll Shop.
  9191 | D:5      | Mangled by an ogre
  9192 | D:5      | Reached XP level 7. HP: -10/31 MP: 3/13
  9298 | D:5      | Found a staircase to the Ecumenical Temple.
  9347 | Temple   | Entered the Ecumenical Temple
  9625 | Temple   | Became a worshipper of Vehumet
  9776 | D:5      | Reached XP level 8. HP: 17/34 MP: 0/15
 10052 | D:5      | Slain by a gnoll sergeant
 10053 | D:5      | Reached XP level 7. HP: -4/31 MP: 1/14
 10053 | D:5      | Quit the game

Illustrated notes

Levels and vault maps discovered:
D:1:      shiori_angband_town, layout_loops_corners, serial_forest,
          infiniplex_forest_clump_diagonal, infiniplex_forest_corner_1,
          infiniplex_forest_zigzag_1, infiniplex_forest_pool,
          infiniplex_forest_clump_medium, infiniplex_forest_clump_tiny,
          infiniplex_forest_zigzag_1, infiniplex_forest_side_room, serial_shops,
          nicolae_shop_waterfront, nicolae_square_shop,
          dreamdust_ecumenical_altar_drowned_temple
D:2:      layout_loops_ring, hangedman_decor_growths, minmay_strange_pillars,
          roderic_roman_lattice, fountainhead, uniq_crazy_yiuf_cottage
D:3:      layout_loops_ring, minmay_vboxes
D:4:      layout_basic, portal_sewer_entry_f, uniq_robin
D:5:      layout_cave_pools, temple_doors_cd, serial_shops,
          nicolae_diamond_shop, nicolae_shop_advertising_works
          [nicolae_subvault_shop_adworks], nicolae_shop_hallway_plus, shop,
          shop, nicolae_ossuary_entry_false_entrances, serial_gnoll_camp,
          gnoll_camp_mini_hut, gnoll_camp_medium_02, gnoll_camp_mini_basic,
          gnoll_camp_mini_hut, gnoll_camp_mini_hut,
          corexii_item_surrounded_by_moat, uniq_duvessa
Temple:   roderic_octagonal_lattice_temple

Skill      XL: |  1  2  3  4  5  6  7  8 |
---------------+-------------------------+-----
Ice Magic      | 4 5 6 |  6.7
Spellcasting   | 3 4 |  4.1
Dodging        | 3 4 |  4.0
Stealth        | 3 4 6 |  6.0
Evocations     | 2 3 4 |  4.0
Fighting       | 1 2 3 |  3.6
Unarmed Combat | 1 3 4 |  4.0
Conjurations   | 2 |  2.6

Action                   |  1- 3 |  4- 6 |  7- 9 || total
-------------------------+-------+-------+-------++-------
Melee: Unarmed           |    23 |    29 |   146 ||   198
       Bite              |     2 |     2 |    23 ||    27
       Punch             |       |       |     4 ||     4
 Cast: Freeze            |    58 |    40 |    31 ||   129
       Frozen Ramparts   |     1 |    26 |    23 ||    50
       Ozocubu's Armour  |       |     6 |    21 ||    27
Evoke: Wand              |       |       |     3 ||     3
  Use: Scroll            |     6 |     4 |     7 ||    17
 Stab: Sleeping          |    16 |     5 |     8 ||    29
Armor: Skin              |     6 |    12 |    19 ||    37
Dodge: Dodged            |    50 |    53 |   107 ||   210

Table legend: (Time is in decaauts)
 A = Elapsed time spent in this place.
 B = Non-inter-level travel time spent in this place.
 C = Inter-level travel time spent in this place.
 D = Time resting spent in this place.
 E = Time spent auto-exploring this place.
 F = Levels seen in this place.
 G = Mean time per level.
                   A        B        C        D        E       F      G
               +--------+--------+--------+--------+--------+-----+--------+
         Total |   9288 |   9081 |    207 |   2010 |   5673 |   8 | 1161.0 |
       Dungeon |   6761 |   6577 |    184 |   1079 |   4576 |   5 | 1352.2 |
        Temple |    237 |    215 |     22 |      0 |    196 |   1 |  237.0 |
         Sewer |   1608 |   1608 |      0 |    558 |    814 |   1 | 1608.0 |
       Ossuary |    680 |    680 |      0 |    373 |     85 |   1 |  680.0 |
               +--------+--------+--------+--------+--------+-----+--------+

Top non-repeatable levels by time:
     D:1: 2076 daAuts
   Sewer: 1608 daAuts
     D:4: 1350 daAuts
     D:5: 1308 daAuts
     D:3: 1180 daAuts
     D:2: 845 daAuts
 Ossuary: 680 daAuts
  Temple: 237 daAuts
